 Dungeon Crawl Stone Soup version 0.19.1-1-g22dce08 (webtiles) character file.

191 Kiturien the Poker (level 5, -4/33 HPs)
             Began as a Tengu Berserker on Jan 13, 2017.
             Was a Believer of Trog.
             Slain by Natasha (5 damage)
             ... on level 3 of the Dungeon.
             The game lasted 00:12:05 (2950 turns).

Kiturien the Poker (Tengu Berserker)                Turns: 2950, Time: 00:12:06

Health: -4/33      AC:  9    Str: 19    XL:     5   Next: 70%
Magic:  6/6        EV:  9    Int:  7    God:    Trog [**....]
Gold:   153        SH:  0    Dex: 13    Spells: 0 memorised, 4 levels left

rFire  . . .     SeeInvis .     k - +0 war axe
rCold  . . .     Gourm    .     g - +0 chain mail
rNeg   . . .     Faith    .     (no shield)
rPois  .         Spirit   .     (helmet restricted)
rElec  .         Reflect  .     (no cloak)
rCorr  .         Harm     .     (no gloves)
MR     .....                    (boots unavailable)
Stlth  ..........               (no amulet)
                                (no ring)
                                (no ring)

@: confused, about to teleport, starving
A: beak, talons 3, able to fly 1
a: Fly, Berserk, Trog's Hand, Burn Spellbooks, Renounce Religion


You were on level 3 of the Dungeon.
You worshipped Trog.
Trog was pleased with you.
You were starving.

You visited 1 branch of the dungeon, and saw 3 of its levels.

You collected 153 gold pieces.

Inventory:

Hand Weapons
 a - a +0 spear
 k - a +0 war axe (weapon)
Armour
 g - a +0 chain mail (worn)
 m - a +0 shield
Scrolls
 b - a scroll of remove curse
 f - a scroll of magic mapping
Potions
 e - 2 potions of degeneration {unknown}
 i - a potion of curing {unknown}
 j - a potion of flight {unknown}
 l - a potion of mutation {unknown}
Comestibles
 c - 2 bread rations
 d - 3 fruits


   Skills:
 + Level 3.9 Fighting
 + Level 4.9 Polearms
 + Level 3.2 Armour
 + Level 3.4 Dodging
 + Level 0.2 Stealth


You had 4 spell levels left.
You didn't know any spells.

Dungeon Overview and Level Annotations

Branches:
Dungeon (3/15)

Altars:
Nemelex Xobeh
Sif Muna

Annotations:
D:3 Natasha


Innate Abilities, Weirdness & Mutations

You have a beak for a mouth.
You have claws for feet.
You can fly.


Message History

The tomahawk closely misses you.
As you read the scroll labeled PUOCUD ZEURAO, it crumbles to dust.
You feel strangely unstable.
It was a scroll of teleportation.
The frilled lizard bites you but does no damage.
You hear some strange, mumbled words.
A puff of flame appears from out of thin air!
The puff of flame hits you!
* * * LOW HITPOINT WARNING * * *
Natasha claws you but does no damage.
You hear some strange, mumbled words.
You are confused.
You hit Natasha. Your peck misses Natasha.
Natasha is moderately wounded.
You completely miss something. You closely miss something.
You miss the frilled lizard.
The frilled lizard bites you but does no damage.
Something hits you.
* * * LOW HITPOINT WARNING * * *
Natasha claws you.
You die...

.#.#.# #########
(....#####.......#
>..............).##### #
........................
.#.#######.......##. ...
.#.# #........# ....
.#.# #......g.#.....
.#.# #.....hl{......
.#.# #..(..{@#.... .#.#
#..(....#.... .#.#
#.(.....# ... ##.#
#.(.....# .. ...#
######### ####


You could see Natasha, a hobgoblin and a frilled lizard.

Vanquished Creatures
  Jessica (D:2)
  Natasha (D:3)
  3 gnolls (D:2)
  3 adders
  An ooze (D:3)
  2 worms (D:2)
  3 dart slugs
  3 leopard geckos
  4 orcs (D:3)
  8 bats
  4 giant cockroaches
  4 goblins
  5 hobgoblins
  8 kobolds
  2 quokkas
  4 frilled lizards
  8 rats
64 creatures vanquished.

Notes
Turn   | Place    | Note
-------+----------+-------------------------------------------
     0 | D:1      | Kiturien the Tengu Berserker began the quest for the Orb.
     0 | D:1      | Reached XP level 1. HP: 14/14 MP: 2/2
   118 | D:1      | Reached XP level 2. HP: 6/19 MP: 3/3
   807 | D:1      | Reached XP level 3. HP: 23/23 MP: 4/4
   952 | D:1      | Reached skill level 4 in Polearms
  1716 | D:2      | Found a sparkling altar of Nemelex Xobeh.
  1718 | D:2      | Reached XP level 4. HP: 21/29 MP: 5/5
  1728 | D:2      | Reached ** piety under Trog
  1915 | D:2      | Noticed Jessica
  1918 | D:2      | Killed Jessica
  1929 | D:2      | Found a faded altar of an unknown god.
  2081 | D:2      | Found a deep blue altar of Sif Muna.
  2176 | D:2      | Gained mutation: You can fly. [Tengu growth]
  2176 | D:2      | Reached XP level 5. HP: 29/33 MP: 6/6
  2775 | D:3      | Noticed Natasha
  2781 | D:3      | Killed Natasha
  2935 | D:3      | Noticed Natasha
  2950 | D:3      | HP: 1/33 [something (2)]
  2950 | D:3      | Slain by Natasha

Skill      XL: |  1  2  3  4  5 |
---------------+----------------+-----
Polearms       | 4 |  4.9
Dodging        | 3 |  3.4
Armour         | 3 |  3.2
Fighting       | |  3.9
Stealth        | |  0.2

Action                   |  1- 3 |  4- 6 || total
-------------------------+-------+-------++-------
Melee: Spear             |   113 |    90 ||   203
       Peck              |    16 |    14 ||    30
       Kick              |    29 |    23 ||    52
       War axe           |       |    19 ||    19
  Use: Scroll            |     3 |     1 ||     4
       Potion            |       |     1 ||     1
  Eat: Bread ration      |     1 |       ||     1
Armor: Ring mail         |    28 |       ||    28
       Chain mail        |    36 |    55 ||    91
Dodge: Dodged            |    66 |    43 ||   109
